 Dungeon Crawl Stone Soup version 0.29-a0-1042-g87b1fcd763 (webtiles) character file.

Game seed: 727387914958920256

4874 polve the Envoy of Void (level 10, -2/82 HPs)
             Began as a Demonspawn Abyssal Knight on Aug 15, 2022.
             Was a High Priest of Lugonu.
             Engulfed by a smoke demon's steam (8 damage)
             ... summoned by the player character
             ... on level 8 of the Dungeon.
             The game lasted 00:09:07 (11208 turns).

polve the Envoy of Void (DsAK)                     Turns: 11208, Time: 00:09:08

Health: -2/82      AC: 16    Str: 18    XL:     10   Next: 26%
Magic:  17/17      EV: 10    Int: 12    God:    Lugonu [*****.]
Gold:   462        SH:  5    Dex: 13    Spells: 7/9 levels left

rFire   . . .      SeeInvis .   a - +0 hand axe (elec)
rCold   + . .      Faith    .   (no shield)
rNeg    . . .      Spirit   .   E - +1 ring mail {rC+}
rPois   +          Reflect  +   P - +0 helmet
rElec   .          Harm     .   F - +1 cloak
rCorr   .          Rampage  .   R - +0 pair of gloves
Will    .....                   S - +0 pair of boots
Stlth   +.........              d - amulet of reflection
HPRegen 2.23/turn               e - ring of poison resistance
MPRegen 0.15/turn               I - +4 ring of protection

@: no status effects
A: demonic guardian 2, powered by death 2, sharp scales 1
a: Renounce Religion, Depart the Abyss, Bend Space, Banish, Corrupt, Enter the
Abyss


You were on level 8 of the Dungeon.
You worshipped Lugonu.
Lugonu was extremely pleased with you.
You visited 1 branch of the dungeon, and saw 8 of its levels.
You visited the Abyss 1 time.

You collected 462 gold pieces.

Inventory:

Hand Weapons
 a - a +0 hand axe of electrocution (weapon)
Armour
 E - a +1 ring mail of cold resistance (worn)
 F - a +1 cloak (worn)
 P - a +0 helmet (worn)
 R - a +0 pair of gloves (worn)
 S - a +0 pair of boots (worn)
Jewellery
 d - an amulet of reflection (around neck)
 e - a ring of poison resistance (left hand)
 l - an amulet of the acrobat
 w - a ring of wizardry
 I - a +4 ring of protection (right hand)
 L - a +6 ring of dexterity
 O - an amulet of guardian spirit
Wands
 r - a wand of digging (1)
 s - a wand of paralysis (6)
 H - a wand of mindburst (19)
 K - a wand of roots (10)
 M - a wand of flame (18)
Scrolls
 h - a scroll of immolation {unknown}
 i - a scroll of silence {unknown}
 j - 8 scrolls of identify {unknown}
 m - a scroll of enchant armour {unknown}
 n - 2 scrolls of noise {unknown}
 t - 2 scrolls of poison {unknown}
 u - 3 scrolls of vulnerability {unknown}
 v - 4 scrolls of amnesia {unknown}
 y - a scroll of blinking {unknown}
 A - 3 scrolls of magic mapping {unknown}
 B - 3 scrolls of teleportation {unknown}
 G - a scroll of fear {unknown}
 J - a scroll of fog {unknown}
Potions
 b - a potion of magic {unknown}
 c - 2 potions of mutation {unknown}
 f - 3 potions of attraction {unknown}
 g - a potion of haste
 k - a potion of resistance {unknown}
 o - 6 potions of curing {unknown}
 p - 2 potions of brilliance
 q - a potion of ambrosia {unknown}
 x - a potion of berserk rage {unknown}
 z - 3 potions of degeneration {unknown}
 C - a potion of cancellation {unknown}
 D - 2 potions of heal wounds {unknown}
 N - a potion of lignification {unknown}
 Q - a potion of invisibility {unknown}
 T - a potion of might {unknown}


   Skills:
 + Level 8.6 Fighting
 + Level 9.9 Axes
 - Level 1.7 Armour
 - Level 0.8 Dodging
 - Level 10.0 Invocations


You had 7 spell levels left.
You knew the following spells:

 Your Spells              Type           Power      Damage    Failure   Level
a - Wereblood             Tmut           0%         N/A       65%         2

Your spell library contained the following spells:

 Spells                   Type           Power      Damage    Failure   Level
 Beastly Appendage        Tmut           0%         N/A       50%         1
 Freeze                   Ice            0%         1d3       50%         1
 Sting                    Tmut/Pois      0%         1d3       50%         1
 Poisonous Vapours        Pois/Air       0%         N/A       65%         2
 Call Canine Familiar     Summ           0%         N/A       86%         3
 Frozen Ramparts          Ice            0%         1d1       86%         3
 Portal Projectile        Hex/Tloc       0%         N/A       86%         3
 Spider Form              Tmut/Pois      0%         N/A       86%         3
 Hailstorm                Conj/Ice       0%         3d3       99%         4
 Leda's Liquefaction      Hex/Erth       0%         N/A       99%         4
 Olgreb's Toxic Radiance  Pois           0%         N/A       99%         4


Dungeon Overview and Level Annotations

Branches:
Dungeon (8/15)             Temple (0/1) D:4
   Lair: D:8-11

Altars:
Ashenzari
Dithmenos
Gozag
Kikubaaqudgha
Nemelex Xobeh
Okawaru
Qazlal
Trog
Uskayaw
Vehumet
Wu Jian
Xom
Yredelemnul

Shops:
D:2 [

Annotations:
D:4 2 transporters, MCDelver's ghost, amateur FeSu


Innate Abilities, Weirdness & Mutations

A demonic guardian rushes to your aid.
You regenerate health from kills.
You are partially covered in razor-sharp scales. (AC +1, Slay +1)


Message History

You slash the acid dragon!
The acid dragon is heavily wounded.
The wyvern closely misses your smoke demon.
The acid dragon bites you.
The acid dragon claws you but does no damage.
Your smoke demon hits the wyvern. x3; The wyvern misses your smoke demon.
You closely miss the acid dragon.
The acid dragon is heavily wounded.
Your smoke demon gestures at the wyvern.
The wyvern is smitten.
The acid dragon spits acid at you. The splash of acid hits you!!
The wyvern closely misses your smoke demon.
You hit the acid dragon.
The acid dragon is severely wounded.
The wyvern bites your smoke demon but does no damage.
The acid dragon bites you.
The acid dragon claws you but does no damage.
Your smoke demon gestures at the wyvern.
The ball of steam hits the wyvern!!
The wyvern dies!
Lugonu accepts your kill.
You hit the acid dragon but do no damage.
Lightning courses through the acid dragon!
You kill the acid dragon!
Lugonu accepts your kill.
The acid dragon scales are intact enough to wear.
Your smoke demon hits the komodo dragon.
Your smoke demon barely misses the komodo dragon. x2
You are engulfed in a cloud of scalding steam.
The komodo dragon bites you!!
* * * LOW HITPOINT WARNING * * *
Your smoke demon gestures at the komodo dragon.
The komodo dragon is smitten.
Things that are here:
+0 acid dragon scales; an acid dragon corpse You hit the komodo dragon.
The komodo dragon is heavily wounded.
You are engulfed in a cloud of scalding steam.
You die...

## ##.## # ### ###.#..#.#.
..###....#..$$.
##.##..§§§.....
######.#....3l§..... ###
#.#.....[...@#
..###..........###
........###.#.##
###.######..##.#
#################
.......#..[.....##
.......#.........##########
..<....#..................##
........................#..#


You could see a komodo dragon (ally target) and a friendly smoke demon
(summoned).

Vanquished Creatures
  Maurice (D:8)
  A komodo dragon (D:8)
  A basilisk (D:8)
  Menkaure (D:4)
  2 water moccasins (D:7)
  An acid dragon (D:8)
  A black bear (D:7)
  2 ice beasts
  A hornet zombie (D:8)
  2 centaurs (D:7)
  A kobold brigand (D:5)
  4 bullfrogs
  3 wyvern zombies (D:8)
  2 necrophages
  2 scorpions
  A wight (D:8)
  9 killer bees
  A howler monkey (D:5)
  6 hounds
  A human zombie (D:8)
  2 centaur zombies (D:8)
  6 orc priests
  2 gnoll boudas (D:5)
  Ijyb (D:3)
  3 iguanas
  8 orc wizards
  4 mummies (D:8)
  20 gnolls
  5 adders
  2 white imps
  An ufetubus (D:7)
  4 worms
  4 dart slugs
  55 orcs
  10 endoplasms
  3 giant cockroaches
  7 goblins
  5 hobgoblins
  16 jackals
  7 kobolds
  A quokka (D:2)
  5 ball pythons
  3 bats (D:1)
  2 frilled lizards
  3 rats (D:1)
222 creatures vanquished.

Vanquished Creatures (collateral kills)
  A wyvern (D:8)
  A water moccasin (D:5)
  An orc warrior (D:7)
  An ice beast (D:7)
  2 centaurs
  A killer bee (D:8)
  An orc (D:5)
8 creatures vanquished.

Vanquished Creatures (others)
  16 fungi (D:4)
  2 plants (D:5)
18 creatures vanquished.

Grand Total: 248 creatures vanquished

Notes
Turn   | Place    | Note
-------+----------+-------------------------------------------
     0 | Abyss:1  | polve the Demonspawn Abyssal Knight began the quest for the
                  | Orb.
     0 | Abyss:1  | Reached XP level 1. HP: 18/18 MP: 2/2
     1 | Abyss:1  | Found a corrupted altar of Lugonu.
    67 | Abyss:1  | Noticed a large abomination
    68 | D:1      | Escaped the Abyss
   563 | D:1      | Gained mutation: You regenerate a little health from kills.
                  | [demonic ancestry]
   563 | D:1      | Reached XP level 2. HP: 22/24 MP: 3/3
  1331 | D:1      | Reached XP level 3. HP: 26/29 MP: 4/4
  2253 | D:2      | Reached XP level 4. HP: 35/35 MP: 5/5
  2499 | D:2      | Found a stormy altar of Qazlal.
  2626 | D:2      | Found Gegolan's Antique Armour Emporium.
  2864 | D:3      | Reached *** piety under Lugonu
  3022 | D:3      | Found an ornate altar of the Wu Jian Council.
  3187 | D:3      | Noticed Ijyb
  3187 | D:3      | Paralysed by Ijyb for 5 turns
  3213 | D:3      | Paralysed by Ijyb for 4 turns
  3220 | D:3      | Killed Ijyb
  3938 | D:4      | Found a transporter.
  3940 | D:4      | Noticed MCDelver's ghost (amateur FeSu)
  3941 | D:4      | Found a transporter.
  3957 | D:4      | Found an opulent altar of Gozag.
  3974 | D:4      | Reached skill level 5 in Axes
  3974 | D:4      | Gained mutation: A weak demonic guardian rushes to your
                  | aid. [demonic ancestry]
  3974 | D:4      | Reached XP level 5. HP: 9/41 MP: 6/6
  4336 | D:4      | Found a shimmering altar of Xom.
  4336 | D:4      | Found a shimmering altar of Xom.
  4337 | D:4      | Found a shimmering altar of Xom.
  4337 | D:4      | Found a shimmering altar of Xom.
  4339 | D:4      | Found a shimmering altar of Xom.
  4588 | D:4      | Found a radiant altar of Vehumet.
  4611 | D:4      | Found an ancient bone altar of Kikubaaqudgha.
  4644 | D:4      | Noticed Menkaure
  4656 | D:4      | Killed Menkaure
  4657 | D:4      | Gained mutation: You regenerate health from kills. [demonic
                  | ancestry]
  4657 | D:4      | Reached XP level 6. HP: 11/47 MP: 7/7
  4899 | D:4      | Found a staircase to the Ecumenical Temple.
  5100 | D:4      | Found a shadowy altar of Dithmenos.
  5423 | D:5      | Entered Level 5 of the Dungeon
  5545 | D:4      | Reached skill level 3 in Invocations
  5706 | D:5      | Reached skill level 4 in Invocations
  5716 | D:5      | Gained mutation: You are partially covered in razor-sharp
                  | scales. (AC +1, Slay +1) [demonic ancestry]
  5716 | D:5      | Reached XP level 7. HP: 10/52 MP: 10/10
  6029 | D:5      | Reached skill level 5 in Invocations
  6179 | D:5      | Reached skill level 6 in Invocations
  6189 | D:5      | Reached skill level 7 in Invocations
  6414 | D:5      | Reached skill level 8 in Invocations
  6659 | D:5      | Reached XP level 8. HP: 58/58 MP: 14/14
  6785 | D:5      | Reached skill level 9 in Invocations
  6824 | D:5      | Reached **** piety under Lugonu
  7068 | D:5      | Reached skill level 10 in Invocations
  8084 | D:6      | Found a bloodstained altar of Trog.
  8085 | D:6      | Identified the +11 quarterstaff of the Common Good {elec,
                  | Str+4}
  8362 | D:6      | Reached skill level 5 in Fighting
  8394 | D:6      | Found a hide-covered altar of Uskayaw.
  9057 | D:7      | Gained mutation: A demonic guardian rushes to your aid.
                  | [demonic ancestry]
  9057 | D:7      | Reached XP level 9. HP: 68/68 MP: 16/16
  9060 | D:7      | Learned a level 2 spell: Wereblood
  9237 | D:7      | Reached ***** piety under Lugonu
  9341 | D:7      | Found an iron altar of Okawaru.
  9343 | D:7      | Identified the +10 morningstar "Ruthreag" {pain, rN+}
  9699 | D:7      | Found a sparkling altar of Nemelex Xobeh.
 10381 | D:8      | Found a basalt altar of Yredelemnul.
 10418 | D:8      | Reached XP level 10. HP: 80/80 MP: 17/17
 10496 | D:8      | Noticed Maurice
 10542 | D:8      | Found a broken altar of Ashenzari.
 10567 | D:8      | Killed Maurice
 11208 | D:8      | Engulfed by a smoke demon's steam

Illustrated notes

Levels and vault maps discovered:
D:1:      minmay_arrival_three_doors, layout_loops_ring, serial_glass,
          glass_columns_b, glass_columns_b, glass_columns_b, glass_columns_c,
          corner_web_ring, grunt_decor_resistance
D:2:      layout_loops_ring, serial_shops, shop, basic_altar,
          lemuel_flame_loot_1
D:3:      layout_rooms, nzn_wu_jian_contemplation, nicolae_eternal_life,
          uniq_ijyb
D:4:      layout_cave_pools, xom_redecorated, nicolae_dithmenos_the_darkroom,
          mainiacjoe_overflow_tiny_flanked, lemuel_tele_altar,
          nicolae_gozag_seed_capital, minmay_temple_entry_wispy,
          gammafunk_ghost_mausoleum, st_stairs_8, dreamdust_mushroom_princess,
          uniq_menkaure
D:5:      lemuel_castle_with_subvaults [lemuel_castle_interior_carwin_3],
          layout_cave_pools, grunt_ministairs_7
D:6:      layout_basic, nicolae_uskayaw_dance_hall, mainiacjoe_overflow_brackets
D:7:      layout_rooms, mainiacjoe_overflow_paths, lemuel_round_altar,
          minmay_misc_feat_rows, kennysheep_small_circle
D:8:      layout_rooms, lemuel_mausoleum_altar_yredelemnul,
          mainiacjoe_overflow_small_starburst, evilmike_ruin_ashenzari,
          erik_lair_dragon, uniq_maurice

Skill      XL: |  1  2  3  4  5  6  7  8  9 10 |
---------------+-------------------------------+-----
Axes           | 2 3 5 6 7 9 |  9.9
Invocations    | 4 8 10 | 10.0
Fighting       | 5 7 8 |  8.6
Armour         | |  1.7
Dodging        | |  0.8

Action                   |  1- 3 |  4- 6 |  7- 9 | 10-12 || total
-------------------------+-------+-------+-------+-------++-------
Melee: Hand axe          |   109 |   177 |   536 |    67 ||   889
       Punch             |     1 |     2 |     9 |       ||    12
Invok: Depart the Abyss  |     1 |       |       |       ||     1
 Stab: Sleeping          |     2 |       |       |       ||     2
       Distracted        |       |       |     1 |       ||     1
Armor: Leather armour    |    31 |    24 |     1 |       ||    56
       Ring mail         |       |       |   245 |    22 ||   267
Dodge: Dodged            |    72 |    74 |   250 |     5 ||   401
Block: Other             |    11 |    33 |   112 |     6 ||   162
       Reflection        |     1 |       |     8 |       ||     9

Table legend: (Time is in decaauts)
 A = Elapsed time spent in this place.
 B = Non-inter-level travel time spent in this place.
 C = Inter-level travel time spent in this place.
 D = Time resting spent in this place.
 E = Time spent auto-exploring this place.
 F = Levels seen in this place.
 G = Mean time per level.
                   A        B        C        D        E       F      G
               +--------+--------+--------+--------+--------+-----+--------+
         Total |  11194 |  11015 |    179 |    154 |   9191 |   9 | 1243.8 |
       Dungeon |  11126 |  10947 |    179 |    154 |   9125 |   8 | 1390.8 |
         Abyss |     68 |     68 |      0 |      0 |     66 |   1 |   68.0 |
               +--------+--------+--------+--------+--------+-----+--------+

Top non-repeatable levels by time:
     D:5: 2156 daAuts
     D:4: 1754 daAuts
     D:1: 1477 daAuts
     D:8: 1411 daAuts
     D:2: 1231 daAuts
     D:6: 1208 daAuts
     D:3: 1175 daAuts
     D:7: 711 daAuts
 Abyss:1: 68 daAuts
